[Event "Moscow Open RSSU Cup 2019"]
[Site "Moscow"]
[Date "2019.01.26"]
[Round "1"]
[White "Timofeev, Artyom"]
[Black "Selivanov, Ivan"]
[Result "1-0"]
[ECO "C77"]
[WhiteElo "2592"]
[BlackElo "2260"]
[Annotator "RC"]
[PlyCount "69"]
[EventDate "2019.01.26"]
[EventType "swiss"]
[EventCountry "RUS"]
[SourceTitle "playchess.com"]
[Source "ChessBase"]
[SourceQuality "1"]
[TimeControl "40/5400+30:1800+30"]

1. e4 e5 2. Nf3 Nc6 3. Bb5 a6 4. Ba4 Nf6 5. d3 d6 6. c3 g6 7. Nbd2 Bg7 8. Nf1 Nh5 9. Bg5 f6 10. Be3 f5 11. Ng3 Nf4 12. O-O fxe4 13. dxe4 O-O 14. Bxf4 exf4 15. Ne2 Kh8 16. h3 b5 17. Bb3 Na5 18. Ned4 Qe7 19. Bd5 Bb7 20. a4 c6 21. Ba2 Nc4 22. axb5 axb5 23. Qe2 Rfe8 24. Ne6 Bh6 25. Bb3 Nb6 26. Rxa8 Bxa8 27. Ra1 Na4 28. e5 d5 29. Ned4 Nc5 30. Bc2 Bg7 31. b4 Ne6 32. Nxe6 Qxe6 33. Ra7 h6 34. Nh4 g5 35. Qd3 1-0

[Event "Moscow Open RSSU Cup 2019"]
[Site "Moscow"]
[Date "2019.01.26"]
[Round "1"]
[White "Tsydypov, Zhamsaran"]
[Black "Shoboev, Dandar"]
[Result "1-0"]
[ECO "C42"]
[WhiteElo "2545"]
[BlackElo "2245"]
[Annotator "RC"]
[PlyCount "89"]
[EventDate "2019.01.26"]
[EventType "swiss"]
[EventCountry "RUS"]
[SourceTitle "playchess.com"]
[Source "ChessBase"]
[SourceQuality "1"]
[TimeControl "40/5400+30:1800+30"]

1. e4 e5 2. Nf3 Nf6 3. Nxe5 d6 4. Nf3 Nxe4 5. Qe2 Qe7 6. d3 Nf6 7. Bg5 Qxe2+ 8. Bxe2 Be7 9. Nc3 h6 10. Bf4 c6 11. h3 d5 12. O-O-O Nbd7 13. Nd4 Nf8 14. Rhe1 Ng6 15. Bh2 O-O 16. Nb3 Re8 17. d4 Bd7 18. Nc5 b5 19. Bd3 Nf8 20. Be5 a5 21. a3 Be6 22. f4 N6d7 23. b4 axb4 24. axb4 Nxe5 25. fxe5 Nd7 26. Kb2 Nxc5 27. bxc5 Bg5 28. Na2 Ra4 29. c3 Rea8 30. Nb4 Bd7 31. Rf1 R4a7 32. Bf5 Be8 33. e6 Bf6 34. exf7+ Kxf7 35. Rde1 Re7 36. Rxe7+ Kxe7 37. Re1+ Kd8 38. Rxe8+ Kxe8 39. Nxc6 Kf7 40. Nb4 Bd8 41. Bd7 Ba5 42. Nxd5 Rb8 43. c6 Ra8 44. c7 Bxc7 45. Be6+ 1-0

[Event "Moscow Open RSSU Cup 2019"]
[Site "Moscow"]
[Date "2019.01.26"]
[Round "1"]
[White "Navrodskiy, Boris"]
[Black "Kryakvin, Dmitry"]
[Result "0-1"]
[ECO "E94"]
[WhiteElo "2254"]
[BlackElo "2588"]
[Annotator "ChessBase"]
[PlyCount "78"]
[EventDate "2019.01.26"]
[EventType "swiss"]
[EventCountry "RUS"]
[SourceTitle "playchess.com"]
[Source "ChessBase"]
[SourceQuality "1"]
[TimeControl "40/5400+30:1800+30"]

1. d4 Nf6 2. c4 g6 3. Nc3 Bg7 4. e4 d6 5. Nf3 O-O 6. Be2 e5 7. O-O Na6 8. Re1 c6 9. Bf1 Bg4 10. d5 c5 11. h3 Bd7 12. Be3 Kh8 13. Qd2 Ng8 14. Bg5 f6 15. Bh4 Bh6 16. Qd1 Bf4 17. Ne2 g5 18. g3 gxh4 19. gxf4 Qe8 20. f5 Qh5 21. Nc3 Nh6 22. Kh1 Rg8 23. Be2 Nxf5 24. exf5 Qxf5 25. Bf1 Qg6 26. a3 Bf5 27. Qd2 e4 28. Qf4 exf3 29. Qh2 Rg7 30. Nb5 Rd8 31. Re3 Nc7 32. Nc3 Re8 33. Rae1 Re5 34. b4 b6 35. bxc5 bxc5 36. a4 a6 37. a5 Ne8 38. Na4 Be4 39. Nb2 Rg5 0-1

[Event "Moscow Open RSSU Cup 2019"]
[Site "Moscow"]
[Date "2019.01.26"]
[Round "1"]
[White "Mnatsakanian, Arsen"]
[Black "Savchenko, Boris"]
[Result "1-0"]
[ECO "B06"]
[WhiteElo "2252"]
[BlackElo "2562"]
[Annotator "ChessBase"]
[PlyCount "75"]
[EventDate "2019.01.26"]
[EventType "swiss"]
[EventCountry "RUS"]
[SourceTitle "playchess.com"]
[Source "ChessBase"]
[SourceQuality "1"]
[TimeControl "40/5400+30:1800+30"]

1. e4 g6 2. d4 Bg7 3. Nf3 d6 4. Bd3 c5 5. dxc5 Qa5+ 6. c3 Qxc5 7. Be3 Qc7 8. O-O Nc6 9. h3 Nf6 10. Nbd2 d5 11. Bg5 Be6 12. Qa4 O-O 13. Bb5 h6 14. Be3 dxe4 15. Nxe4 Nd5 16. Nc5 Bf5 17. Bxc6 Nxe3 18. fxe3 bxc6 19. Qc4 Rad8 20. Kh1 Qc8 21. e4 Bd7 22. Rad1 Be8 23. Qa4 Rxd1 24. Rxd1 f5 25. e5 Bf7 26. Rd7 Rd8 27. e6 Be8 28. Qxa7 Qb8 29. Qxb8 Rxb8 30. Rb7 Rd8 31. a4 Rd5 32. Rb8 Rxc5 33. Rxe8+ Bf8 34. Ra8 Kg7 35. a5 Rb5 36. a6 Rxb2 37. a7 Ra2 38. Nd4 1-0

[Event "Moscow Open RSSU Cup 2019"]
[Site "Moscow"]
[Date "2019.01.26"]
[Round "1"]
[White "Utiatskaja, Irina"]
[Black "Mozharov, Mikhail"]
[Result "0-1"]
[ECO "B15"]
[WhiteElo "2246"]
[BlackElo "2549"]
[Annotator "RC"]
[PlyCount "82"]
[EventDate "2019.01.26"]
[EventType "swiss"]
[EventCountry "RUS"]
[SourceTitle "playchess.com"]
[Source "ChessBase"]
[SourceQuality "1"]
[TimeControl "40/5400+30:1800+30"]

1. e4 c6 2. d4 d5 3. Nd2 dxe4 4. Nxe4 Nf6 5. Nxf6+ exf6 6. c3 Bd6 7. Bd3 O-O 8. Qc2 Re8+ 9. Ne2 h5 10. Bd2 Nd7 11. O-O-O Nf8 12. Nf4 Bxf4 13. Bxf4 Be6 14. Kb1 b5 15. f3 Qd5 16. b3 a5 17. Rhg1 a4 18. b4 Ng6 19. Bc1 Nh4 20. Rdf1 Bf5 21. g4 Bxd3 22. Qxd3 Re6 23. gxh5 Qxh5 24. Rg4 Qf5 25. Qxf5 Nxf5 26. Rf4 g6 27. h4 Ng3 28. Rf2 Ne2 29. Rg4 Nxc3+ 30. Kc2 Nd5 31. Bd2 Kg7 32. h5 Rh8 33. hxg6 fxg6 34. Rg1 Rh3 35. a3 Kf7 36. Bc1 g5 37. Bd2 Rh4 38. Kd3 Rd6 39. Rd1 Nb6 40. f4 Nc4 41. Bc1 gxf4 0-1

[Event "Moscow Open RSSU Cup 2019"]
[Site "Moscow"]
[Date "2019.01.27"]
[Round "2"]
[White "Mozharov, Mikhail"]
[Black "Anikonov, Dmitry"]
[Result "1-0"]
[ECO "A30"]
[WhiteElo "2549"]
[BlackElo "2371"]
[Annotator "RC"]
[PlyCount "173"]
[EventDate "2019.01.26"]
[EventType "swiss"]
[EventCountry "RUS"]
[SourceTitle "playchess.com"]
[Source "ChessBase"]
[SourceQuality "1"]
[TimeControl "40/5400+30:1800+30"]

1. c4 Nf6 2. Nf3 c5 3. g3 b6 4. Bg2 Bb7 5. O-O e6 6. Nc3 Be7 7. d4 cxd4 8. Qxd4 O-O 9. Rd1 d6 10. Bg5 Nc6 11. Qd2 Qb8 12. Rac1 Rd8 13. e4 a6 14. Qe2 Ne5 15. Nd4 h6 16. Bd2 Qc7 17. b3 Rac8 18. f4 Ned7 19. f5 e5 20. Nc2 b5 21. cxb5 axb5 22. Qxb5 Qc5+ 23. Ne3 Qxb5 24. Nxb5 Nxe4 25. Rxc8 Rxc8 26. Bb4 Ndc5 27. Nc4 d5 28. Nxe5 Bg5 29. Bf3 Be3+ 30. Kf1 Ra8 31. Ng4 Bg5 32. Bxc5 Nxc5 33. h4 Be7 34. Nc3 Ne4 35. Nxd5 Bxd5 36. Rxd5 Nxg3+ 37. Kg2 Nh5 38. Rd2 Ra5 39. Be4 Bxh4 40. Rc2 Nf6 41. Nxf6+ Bxf6 42. a4 g6 43. Rc8+ Kg7 44. fxg6 fxg6 45. Rc7+ Kf8 46. Kf3 g5 47. Bg6 Be7 48. Kg4 Rd5 49. Be4 Re5 50. Rc4 Rc5 51. Rd4 Ra5 52. Bc2 Rc5 53. Bd3 Bf6 54. Rd7 Ke8 55. Rh7 Bc3 56. Rxh6 Kd7 57. Bf5+ Kc7 58. Rh7+ Kb6 59. Kxg5 Rc7 60. Rh1 Ka5 61. Be6 Rc6 62. Kf5 Kb4 63. Rh4+ Ka5 64. Bd5 Rf6+ 65. Ke4 Rg6 66. Bc4 Kb6 67. Rh5 Rg4+ 68. Kf3 Rg1 69. Rb5+ Kc6 70. Bd5+ Kd6 71. Ke4 Rg4+ 72. Kd3 Be1 73. Be4 Bf2 74. Rf5 Be1 75. Rd5+ Kc7 76. Rc5+ Kb6 77. Rc1 Bb4 78. Rf1 Be7 79. Rf7 Bd6 80. Rf6 Kc7 81. Rf7+ Kb6 82. Rf6 Kc7 83. a5 Rg5 84. Rf7+ Kb8 85. a6 Ra5 86. Rb7+ Kc8 87. a7 1-0

[Event "Moscow Open RSSU Cup 2019"]
[Site "Moscow"]
[Date "2019.01.27"]
[Round "2"]
[White "Korneev, Oleg"]
[Black "Khayrullin, Denis"]
[Result "1-0"]
[ECO "B90"]
[WhiteElo "2545"]
[BlackElo "2362"]
[Annotator "RC"]
[PlyCount "100"]
[EventDate "2019.01.26"]
[EventType "swiss"]
[EventCountry "RUS"]
[SourceTitle "playchess.com"]
[Source "ChessBase"]
[SourceQuality "1"]
[TimeControl "40/5400+30:1800+30"]

1. e4 c5 2. Nf3 d6 3. d4 cxd4 4. Nxd4 Nf6 5. Nc3 a6 6. Be3 e5 7. Nf3 Be7 8. Bc4 O-O 9. O-O Be6 10. Qe2 Nc6 11. Rfd1 Qc7 12. Bb3 Na5 13. Bg5 Nxb3 14. axb3 Nh5 15. Nxe5 Bxg5 16. Qxh5 Bf6 17. Nf3 Bxc3 18. bxc3 Qxc3 19. Nd4 Rfc8 20. Qa5 Qxa5 21. Rxa5 Kf8 22. f3 Ke7 23. c4 b6 24. Ra2 b5 25. cxb5 axb5 26. Rda1 Rxa2 27. Rxa2 Rc1+ 28. Kf2 Rb1 29. Ra5 Bd7 30. Ra7 Rb2+ 31. Kg3 g6 32. Rb7 h5 33. h4 Kd8 34. Nxb5 Bxb5 35. Rxb5 Kc7 36. Kh3 Rb1 37. Kh2 Rb2 38. Kg3 f6 39. Rb4 Kd7 40. Rb7+ Ke6 41. Rg7 Rxb3 42. Rxg6 Rb5 43. Rh6 Re5 44. Rh8 Kf7 45. Rd8 Ke7 46. Ra8 f5 47. exf5 Rxf5 48. Rg8 Ke6 49. Rg6+ Ke5 50. Rg5 Kd5 1-0

[Event "Moscow Open RSSU Cup 2019"]
[Site "Moscow"]
[Date "2019.01.27"]
[Round "2"]
[White "Afanasiev, Nikita"]
[Black "Salemgareev, Tagir"]
[Result "1/2-1/2"]
[ECO "E11"]
[WhiteElo "2508"]
[BlackElo "2342"]
[Annotator "ChessBase"]
[PlyCount "102"]
[EventDate "2019.01.26"]
[EventType "swiss"]
[EventCountry "RUS"]
[SourceTitle "playchess.com"]
[Source "ChessBase"]
[SourceQuality "1"]
[TimeControl "40/5400+30:1800+30"]

1. d4 Nf6 2. c4 e6 3. Nf3 Bb4+ 4. Nbd2 O-O 5. a3 Be7 6. e4 d6 7. b4 c5 8. Bb2 cxd4 9. Nxd4 b6 10. Bd3 Bb7 11. O-O Nc6 12. Nxc6 Bxc6 13. Qe2 Nd7 14. Nf3 Bf6 15. Nd4 Ba4 16. Rac1 a6 17. Bc2 Bxc2 18. Rxc2 Qc7 19. Nf3 Bxb2 20. Rxb2 Rfc8 21. Rc1 a5 22. b5 Qc5 23. Qd3 Ne5 24. Nxe5 dxe5 25. Rd2 Rab8 26. Qd6 Qxd6 27. Rxd6 Rc5 28. Kf1 Kf8 29. Ke2 Ke7 30. Rdd1 Rbc8 31. Kd3 R8c7 32. f3 Rc8 33. a4 h5 34. h4 f5 35. Rd2 Kf6 36. Rc3 f4 37. Rc1 g5 38. hxg5+ Kxg5 39. Rdd1 R8c7 40. Rd2 Rc8 41. Rdd1 Kf6 42. Rc2 Kg6 43. Ke2 Rxc4 44. Rxc4 Rxc4 45. Rd6 Kf6 46. Rxb6 Rxa4 47. Ra6 Ra3 48. Kf2 a4 49. b6 Rb3 50. Kg1 a3 51. b7 Rxb7 1/2-1/2

[Event "Moscow Open RSSU Cup 2019"]
[Site "Moscow"]
[Date "2019.01.29"]
[Round "4"]
[White "Drygalov, Andrey"]
[Black "Nikitenko, Mihail"]
[Result "1/2-1/2"]
[ECO "C50"]
[WhiteElo "2485"]
[BlackElo "2402"]
[Annotator "ChessBase"]
[PlyCount "140"]
[EventDate "2019.01.26"]
[EventType "swiss"]
[EventCountry "RUS"]
[SourceTitle "playchess.com"]
[Source "ChessBase"]
[SourceQuality "1"]
[TimeControl "40/5400+30:1800+30"]

1. e4 e5 2. Nf3 Nc6 3. Bc4 Bc5 4. O-O Nf6 5. d3 d6 6. c3 a6 7. a4 h6 8. Re1 O-O 9. h3 Be6 10. Bxe6 fxe6 11. b4 Ba7 12. Nbd2 Qe8 13. Nf1 Nh5 14. Be3 Bxe3 15. Rxe3 Nf4 16. Kh2 Qh5 17. Ng3 Qf7 18. Rb1 a5 19. b5 Nb8 20. d4 Nd7 21. Nf1 g5 22. dxe5 dxe5 23. g3 Ng6 24. Rb2 Qe7 25. Kg2 Rf7 26. Ne1 Raf8 27. Nd3 Kh7 28. Nd2 b6 29. Nc4 Qf6 30. Rd2 Rg7 31. Kh2 Rfg8 32. Re1 Kh8 33. Ne3 h5 34. Qxh5+ Rh7 35. Qd1 Nf4 36. Nxf4 gxf4 37. Ng4 Qg7 38. Kg2 Rf8 39. f3 fxg3 40. Re3 Nf6 41. Red3 Nh5 42. Rd8 Nf4+ 43. Kxg3 Rxh3+ 44. Kf2 Rh2+ 45. Nxh2 Nh3+ 46. Ke2 Qg2+ 47. Kd3 Rxd8+ 48. Kc2 Rxd2+ 49. Qxd2 Nf2 50. Qh6+ Kg8 51. Qxe6+ Kh7 52. Qf7+ Kh6 53. Qf6+ Kh7 54. Qf7+ Kh6 55. Qf6+ Kh7 56. Qh4+ Kg6 57. Kb3 Nd3 58. Qg4+ Qxg4 59. Nxg4 Kg5 60. Kc4 Nb2+ 61. Kb3 Nd3 62. Kc4 Nb2+ 63. Kd5 Nxa4 64. Nxe5 Nxc3+ 65. Kc6 Kf6 66. Nc4 Ke7 67. Kxc7 Nxb5+ 68. Kxb6 Nd4 69. f4 Ne2 70. Kxa5 Nxf4 1/2-1/2

[Event "Moscow Open RSSU Cup 2019"]
[Site "Moscow"]
[Date "2019.01.29"]
[Round "4"]
[White "Avalyan, Artur"]
[Black "Fakhrutdinov, Timur"]
[Result "1/2-1/2"]
[ECO "E46"]
[WhiteElo "2347"]
[BlackElo "2481"]
[Annotator "RC"]
[PlyCount "130"]
[EventDate "2019.01.26"]
[EventType "swiss"]
[EventCountry "RUS"]
[SourceTitle "playchess.com"]
[Source "ChessBase"]
[SourceQuality "1"]
[TimeControl "40/5400+30:1800+30"]

1. d4 Nf6 2. c4 e6 3. Nc3 Bb4 4. e3 O-O 5. Nge2 d5 6. a3 Bd6 7. c5 Be7 8. Nf4 c6 9. Be2 Nbd7 10. b4 Qc7 11. O-O e5 12. dxe5 Nxe5 13. Qc2 Ng6 14. Nxg6 hxg6 15. h3 Bf5 16. Bd3 Bxd3 17. Qxd3 Nd7 18. e4 dxe4 19. Nxe4 Rad8 20. Qc2 Nf6 21. Bb2 Nxe4 22. Qxe4 Bf6 23. Bxf6 gxf6 24. Rfe1 Kg7 25. Re2 Rd5 26. Rae1 Rfd8 27. g3 a5 28. Qf3 Rd3 29. Re3 Rxe3 30. Rxe3 axb4 31. axb4 Qd7 32. Kg2 Qd2 33. Rb3 Rd5 34. Qe3 Qxe3 35. Rxe3 Rd4 36. Rb3 f5 37. Kf3 Re4 38. Rb2 Kf6 39. h4 Rd4 40. Ke3 Ke5 41. Rb3 Re4+ 42. Kd3 Kd5 43. Rb1 f4 44. g4 f3 45. h5 Rxg4 46. hxg6 fxg6 47. Ke3 Kc4 48. Kxf3 Rd4 49. Ke3 Rd3+ 50. Ke4 Rb3 51. Rc1+ Kxb4 52. f4 Kb5 53. Ke5 Re3+ 54. Kf6 Re4 55. Kg5 Re6 56. Rc2 b6 57. cxb6 Kxb6 58. Rh2 c5 59. Rh6 Rc6 60. Rxg6 c4 61. Rg8 c3 62. Rb8+ Kc5 63. Rb1 c2 64. Rc1 Kd4 65. f5 Kc3 1/2-1/2

[Event "Moscow Open RSSU Cup 2019"]
[Site "Moscow"]
[Date "2019.01.29"]
[Round "4"]
[White "Nazaretyan, Tigran"]
[Black "Kezin, Roman"]
[Result "1-0"]
[ECO "D45"]
[WhiteElo "2250"]
[BlackElo "2471"]
[Annotator "RC"]
[PlyCount "63"]
[EventDate "2019.01.26"]
[EventType "swiss"]
[EventCountry "RUS"]
[SourceTitle "playchess.com"]
[Source "ChessBase"]
[SourceQuality "1"]
[TimeControl "40/5400+30:1800+30"]

1. d4 d5 2. c4 e6 3. Nf3 Nf6 4. Nc3 c6 5. e3 Nbd7 6. Qc2 Bd6 7. b3 O-O 8. Be2 a6 9. Bb2 Qe7 10. Rd1 b6 11. O-O Bb7 12. e4 dxe4 13. Nxe4 Nxe4 14. Qxe4 Rad8 15. Rfe1 Bb4 16. Bd3 Nf6 17. Qh4 h6 18. Re3 Rfe8 19. Qh3 Nd7 20. Bc2 Qf8 21. Ng5 Nf6 22. d5 e5 23. Rxe5 Bc8 24. Qd3 hxg5 25. Rxg5 Qd6 26. Qd4 Kf8 27. Qh4 Re2 28. Qh8+ Ke7 29. Qxg7 Rxc2 30. Be5 Rg8 31. Bxd6+ Bxd6 32. Re1+ 1-0

[Event "Moscow Open RSSU Cup 2019"]
[Site "Moscow"]
[Date "2019.01.30"]
[Round "5"]
[White "Sjugirov, Sanan"]
[Black "Zakhartsov, Vladimir"]
[Result "1/2-1/2"]
[ECO "E15"]
[WhiteElo "2663"]
[BlackElo "2483"]
[Annotator "RC"]
[PlyCount "143"]
[EventDate "2019.01.26"]
[EventType "swiss"]
[EventCountry "RUS"]
[SourceTitle "playchess.com"]
[Source "ChessBase"]
[SourceQuality "1"]
[TimeControl "40/5400+30:1800+30"]

1. d4 Nf6 2. c4 e6 3. Nf3 b6 4. g3 Ba6 5. b3 Bb4+ 6. Bd2 Be7 7. Bg2 c6 8. Nc3 d5 9. O-O O-O 10. Qc2 b5 11. cxb5 cxb5 12. a3 Nbd7 13. Qd3 Qb6 14. b4 Rac8 15. Be3 Bb7 16. Nxb5 Ba6 17. a4 Rc4 18. Ne5 Rxb4 19. Qa3 Re8 20. Qa2 Bxb5 21. axb5 Qxb5 22. Nd3 Rb3 23. Qxa7 Rc8 24. Bf3 h6 25. Kg2 Qb7 26. h4 Bd6 27. Ra6 Qxa7 28. Rxa7 Bb8 29. Ra6 Rb6 30. Ra8 Rb7 31. Rfa1 Nb6 32. Rb1 Ra7 33. Rxa7 Bxa7 34. Bf4 Nfd7 35. g4 Bb8 36. Bc1 Bd6 37. g5 hxg5 38. Bxg5 f6 39. Bc1 Kf7 40. h5 Rb8 41. Bg4 Nc8 42. Ra1 Rb7 43. Be3 Ra7 44. Rc1 Rc7 45. Rb1 Ne7 46. Ra1 Nf8 47. Ra6 Rc6 48. Ra5 Rc7 49. h6 gxh6 50. Bxh6 Nfg6 51. Bh5 Kg8 52. Kh3 Kh7 53. Bd2 Kg7 54. Rb5 Rc8 55. Kg2 Rb8 56. Ra5 Nh4+ 57. Kh3 Nhf5 58. Ra6 Rh8 59. Kg4 Nc8 60. e3 Kf8 61. Nb4 Ke7 62. Ra8 Kd7 63. Nd3 Ng7 64. Bg6 Rh1 65. Kf3 Rg1 66. Bf7 Ke7 67. Rxc8 Kxf7 68. Bb4 Rd1 69. Bxd6 Rxd3 70. Rf8+ Kg6 71. Be7 Nh5 72. Bc5 1/2-1/2

[Event "Moscow Open RSSU Cup 2019"]
[Site "Moscow"]
[Date "2019.01.30"]
[Round "5"]
[White "Fakhrutdinov, Timur"]
[Black "Radzhabov, Rodion"]
[Result "1/2-1/2"]
[ECO "B42"]
[WhiteElo "2481"]
[BlackElo "2329"]
[Annotator "RC"]
[PlyCount "139"]
[EventDate "2019.01.26"]
[EventType "swiss"]
[EventCountry "RUS"]
[SourceTitle "playchess.com"]
[Source "ChessBase"]
[SourceQuality "1"]
[TimeControl "40/5400+30:1800+30"]

1. e4 c5 2. Nf3 e6 3. d4 cxd4 4. Nxd4 a6 5. Bd3 Qc7 6. O-O Nf6 7. Qe2 d6 8. c4 Be7 9. Nc3 Nbd7 10. f4 b6 11. Bd2 Bb7 12. b4 g6 13. Rac1 O-O 14. f5 exf5 15. exf5 Qd8 16. fxg6 hxg6 17. Nd5 Nxd5 18. cxd5 Bxd5 19. Be4 Bxe4 20. Qxe4 Ne5 21. Qd5 Qd7 22. Rce1 Rfd8 23. Nf3 Qe6 24. Qxe6 fxe6 25. Nd4 Rf8 26. Nxe6 Rxf1+ 27. Rxf1 Rc8 28. Rc1 Nc4 29. Bc3 Kf7 30. Nf4 Ne3 31. Bd2 Rxc1+ 32. Bxc1 Nc4 33. Nd5 Bd8 34. Kf2 Ke6 35. Nf4+ Kf5 36. h3 g5 37. g4+ Ke5 38. Nd3+ Kd4 39. Ne1 Ne5 40. Bb2+ Ke4 41. Ke2 Bf6 42. Nd3 Nxd3 43. Bxf6 Nf4+ 44. Kf2 d5 45. Kg3 Ne6 46. h4 gxh4+ 47. Kxh4 d4 48. g5 d3 49. Bc3 Nxg5 50. Kxg5 Ke3 51. Kf5 d2 52. Bxd2+ Kxd2 53. Ke5 Kc3 54. b5 axb5 55. Kd5 Kb2 56. Kc6 b4 57. Kb5 Ka3 58. Kc4 Ka4 59. Kd5 Kb5 60. Kd4 Ka6 61. Kd5 Kb5 62. Kd4 Ka4 63. Kd5 Ka3 64. Kc4 Ka4 65. Kd5 Ka5 66. Kc4 Ka4 67. Kd5 b5 68. Kc6 Ka3 69. Kxb5 Kxa2 70. Kxb4 1/2-1/2

[Event "Moscow Open RSSU Cup 2019"]
[Site "Moscow"]
[Date "2019.01.30"]
[Round "5"]
[White "Nikitenko, Mihail"]
[Black "Korneev, Oleg"]
[Result "0-1"]
[ECO "A20"]
[WhiteElo "2402"]
[BlackElo "2545"]
[Annotator "RC"]
[PlyCount "96"]
[EventDate "2019.01.26"]
[EventType "swiss"]
[EventCountry "RUS"]
[SourceTitle "playchess.com"]
[Source "ChessBase"]
[SourceQuality "1"]
[TimeControl "40/5400+30:1800+30"]

1. c4 e5 2. g3 Nc6 3. Nc3 Bc5 4. Bg2 d6 5. Nf3 a6 6. d3 Nf6 7. O-O h6 8. a3 O-O 9. b4 Ba7 10. Bb2 Nd4 11. Ne1 c6 12. e3 Bg4 13. f3 Nf5 14. fxg4 Nxe3 15. Qe2 Nfxg4 16. Kh1 Nxf1 17. Qxg4 Ne3 18. Qe2 Nxg2 19. Nxg2 Bd4 20. Nh4 Qd7 21. Rf1 f5 22. Nf3 Rae8 23. Qg2 Bxc3 24. Bxc3 e4 25. Nh4 Qe6 26. g4 fxg4 27. Rxf8+ Rxf8 28. Qxe4 Qf7 29. Bd4 h5 30. c5 dxc5 31. Bxc5 Re8 32. Qf5 Re1+ 33. Kg2 Re2+ 34. Kh1 Re1+ 35. Kg2 Re2+ 36. Kh1 Ra2 37. Qxf7+ Kxf7 38. Nf5 Rxa3 39. d4 g6 40. Nd6+ Ke6 41. Nxb7 h4 42. Bd6 Kd5 43. Be5 Ke4 44. Kg2 Ra2+ 45. Kf1 Kf3 46. Ke1 g3 47. Bxg3 hxg3 48. hxg3 Ke3 0-1

[Event "Moscow Open RSSU Cup 2019"]
[Site "Moscow"]
[Date "2019.01.30"]
[Round "5"]
[White "Pogosyan, Stefan"]
[Black "Golubov, Saveliy"]
[Result "1/2-1/2"]
[ECO "A88"]
[WhiteElo "2382"]
[BlackElo "2482"]
[Annotator "RC"]
[PlyCount "85"]
[EventDate "2019.01.26"]
[EventType "swiss"]
[EventCountry "RUS"]
[SourceTitle "playchess.com"]
[Source "ChessBase"]
[SourceQuality "1"]
[TimeControl "40/5400+30:1800+30"]

1. d4 f5 2. c4 Nf6 3. Nc3 g6 4. g3 Bg7 5. Bg2 O-O 6. Nf3 d6 7. O-O c6 8. d5 e5 9. dxe6 Bxe6 10. b3 Na6 11. Bb2 Kh8 12. Qc2 Qc7 13. Rad1 Rad8 14. Nd4 Bg8 15. e4 fxe4 16. Nxe4 Nxe4 17. Bxe4 Nb4 18. Qd2 d5 19. cxd5 Nxd5 20. Rfe1 Nf6 21. Bg2 Rfe8 22. Qc2 Rxe1+ 23. Rxe1 Re8 24. Rxe8 Nxe8 25. h4 Qd7 26. Ne2 Bxb2 27. Qxb2+ Qg7 28. Qd2 Qa1+ 29. Kh2 Nf6 30. Nf4 Qe5 31. Bf3 Nd5 32. Nxd5 Bxd5 33. Bxd5 cxd5 34. Qa5 Qd4 35. Kg1 Qd1+ 36. Kg2 d4 37. Qxa7 d3 38. Qa8+ Kg7 39. Qxb7+ Kg8 40. Qd5+ Kg7 41. Qb7+ Kg8 42. Qd5+ Kg7 43. Qb7+ 1/2-1/2

[Event "Moscow Open RSSU Cup 2019"]
[Site "Moscow"]
[Date "2019.01.31"]
[Round "6"]
[White "Mozharov, Mikhail"]
[Black "Ponkratov, Pavel"]
[Result "1/2-1/2"]
[ECO "A05"]
[WhiteElo "2549"]
[BlackElo "2630"]
[Annotator "RC"]
[PlyCount "81"]
[EventDate "2019.01.26"]
[EventType "swiss"]
[EventCountry "RUS"]
[SourceTitle "playchess.com"]
[Source "ChessBase"]
[SourceQuality "1"]
[TimeControl "40/5400+30:1800+30"]

1. Nf3 Nf6 2. c4 b6 3. g3 Bb7 4. Bg2 e6 5. O-O Be7 6. d4 O-O 7. Re1 d5 8. cxd5 exd5 9. Nc3 Nbd7 10. Bf4 Ne4 11. Qb3 Nxc3 12. bxc3 c5 13. h4 Nf6 14. a4 Bd6 15. Bg5 Bc6 16. Ne5 Bxe5 17. dxe5 h6 18. exf6 hxg5 19. hxg5 gxf6 20. Rad1 fxg5 21. Bxd5 Bxd5 22. Rxd5 Qf6 23. e4 Rad8 24. Rf5 Qg6 25. Qc2 Rfe8 26. g4 Re6 27. Kg2 Rde8 28. Qd3 Re5 29. Rxe5 Rxe5 30. Qd8+ Kg7 31. f3 Qf6 32. Qb8 Qe7 33. Rh1 Qe8 34. Qxa7 Rxe4 35. fxe4 Qxe4+ 36. Kh2 Qe2+ 37. Kh3 Qf3+ 38. Kh2 Qf2+ 39. Kh3 Qf3+ 40. Kh2 Qf2+ 41. Kh3 1/2-1/2

[Event "Moscow Open RSSU Cup 2019"]
[Site "Moscow"]
[Date "2019.02.01"]
[Round "7"]
[White "Ponkratov, Pavel"]
[Black "Zakhartsov, Vladimir"]
[Result "1-0"]
[ECO "A50"]
[WhiteElo "2630"]
[BlackElo "2483"]
[Annotator "RC"]
[PlyCount "89"]
[EventDate "2019.01.26"]
[EventType "swiss"]
[EventCountry "RUS"]
[SourceTitle "playchess.com"]
[Source "ChessBase"]
[SourceQuality "1"]
[TimeControl "40/5400+30:1800+30"]

1. d4 Nf6 2. c4 g6 3. f3 Nc6 4. e4 e5 5. dxe5 Nxe5 6. Nc3 Bc5 7. Bf4 Qe7 8. Qd2 d6 9. O-O-O Be6 10. Na4 O-O-O 11. Qc3 Nh5 12. Bd2 Bf2 13. g4 Bd7 14. Qa3 Bxa4 15. Qxa4 Bxg1 16. Rxg1 Nxf3 17. gxh5 Nxg1 18. Qxa7 Nf3 19. Bc3 Rhe8 20. Bh3+ f5 21. exf5 Qh4 22. Qa8+ Kd7 23. Qxb7 Qf4+ 24. Kb1 Ng5 25. Bd2 Qd4 26. Qb5+ Kc8 27. Bg2 Ne4 28. fxg6 Qd3+ 29. Kc1 Re5 30. Qa6+ Kd7 31. Bf4 Qe2 32. Bxe5 Qxg2 33. Bf4 Nc5 34. Qb5+ Kc8 35. Be3 hxg6 36. Bxc5 Qg5+ 37. Kc2 dxc5 38. Qa6+ Kb8 39. Qb5+ Kc8 40. Qa6+ Kb8 41. Qxg6 Qh4 42. Rxd8+ Qxd8 43. a3 Qd4 44. Kb3 Qd1+ 45. Ka2 1-0

[Event "Moscow Open RSSU Cup 2019"]
[Site "Moscow"]
[Date "2019.02.01"]
[Round "7"]
[White "Lugovskoy, Maxim"]
[Black "Afanasiev, Nikita"]
[Result "0-1"]
[ECO "B07"]
[WhiteElo "2445"]
[BlackElo "2508"]
[Annotator "RC"]
[PlyCount "124"]
[EventDate "2019.01.26"]
[EventType "swiss"]
[EventCountry "RUS"]
[SourceTitle "playchess.com"]
[Source "ChessBase"]
[SourceQuality "1"]
[TimeControl "40/5400+30:1800+30"]

1. e4 d6 2. d4 Nf6 3. Nc3 e5 4. dxe5 dxe5 5. Qxd8+ Kxd8 6. Nf3 Bd6 7. Bc4 Ke8 8. Be3 a6 9. O-O-O Nbd7 10. Bb3 h6 11. Nd2 Be7 12. Nc4 Ng4 13. Kb1 Nxe3 14. Nxe3 g6 15. Rhf1 Rf8 16. g3 c6 17. f4 b5 18. Ng4 exf4 19. gxf4 h5 20. Ne3 Nc5 21. e5 Ra7 22. a3 Rd7 23. Ba2 a5 24. b4 axb4 25. axb4 Na6 26. Ne4 Nxb4 27. Bb3 Na6 28. Nd6+ Bxd6 29. exd6 Nc5 30. f5 Ne4 31. Rd4 Nxd6 32. Re1 Nb7 33. Ng4+ Kd8 34. Ne5 Rxd4 35. Nxc6+ Kc7 36. Nxd4 Bxf5 37. Nxb5+ Kd7 38. Nd4 Bg4 39. Re5 f6 40. Rd5+ Kc7 41. Nb5+ Kb6 42. Nc3 Bf3 43. Rd7 Kc5 44. h4 Nd6 45. Rg7 Nf5 46. Rxg6 Nxh4 47. Rg7 Kd4 48. Kb2 Rh8 49. Nb5+ Ke5 50. Re7+ Kf4 51. Rf7 f5 52. Nd4 Bg4 53. c4 Nf3 54. Ne6+ Kg3 55. Bc2 Ne5 56. Rg7 Nxc4+ 57. Kc3 Ne3 58. Nd4 Rc8+ 59. Kd2 Nxc2 60. Nxc2 Rxc2+ 61. Kxc2 h4 62. Kd2 h3 0-1

[Event "Moscow Open RSSU Cup 2019"]
[Site "Moscow"]
[Date "2019.02.01"]
[Round "7"]
[White "Atabayev, Yusup"]
[Black "Triapishko, Alexandr"]
[Result "*"]
[ECO "A35"]
[WhiteElo "2425"]
[BlackElo "2508"]
[Annotator "RC"]
[PlyCount "101"]
[EventDate "2019.01.26"]
[EventType "swiss"]
[EventCountry "RUS"]
[SourceTitle "playchess.com"]
[Source "ChessBase"]
[SourceQuality "1"]
[TimeControl "40/5400+30:1800+30"]

1. c4 c5 2. Nf3 Nc6 3. Nc3 Nf6 4. d4 cxd4 5. Nxd4 Qb6 6. Nb3 e6 7. g3 Ne5 8. e4 Bb4 9. Qe2 d6 10. f4 Nc6 11. Be3 Bxc3+ 12. bxc3 Qc7 13. Bg2 O-O 14. O-O b6 15. Nd4 Nxd4 16. cxd4 Ba6 17. Rfc1 Rac8 18. e5 Nd5 19. exd6 Qxd6 20. Bf2 Rc7 21. c5 Bxe2 22. cxd6 Rd7 23. Bxd5 exd5 24. Be1 Bc4 25. Bb4 a5 26. Ba3 f6 27. Rab1 b5 28. Bc5 b4 29. Rb2 Re8 30. Bb6 a4 31. Bc7 b3 32. axb3 axb3 33. Ra1 Re4 34. Rd2 f5 35. Kf2 Kf7 36. Ra8 h6 37. h4 Re8 38. Rxe8 Kxe8 39. Rd1 Rf7 40. Ra1 Kd7 41. Ra8 Rf6 42. Rd8+ Kc6 43. Re8 g5 44. hxg5 hxg5 45. fxg5 Rg6 46. Rb8 Rxg5 47. Rb6+ Kd7 48. Rb7 Kc6 49. Rb6+ Kd7 50. Rb7 Rg8 51. Kf3 *